AoeStats
← 147

Arabia

509685204Analyzed
3v3 RM · 4d ago on Sep 27, 2026· 61m 35s· 6 players
Game mode
Random Map
Map size
Normal (6 player)
Population
200
Speed
Normal
Resources
Standard
Victory
Conquest
Starting age
Dark Age
Ending age
Imperial Age
RankedLock teamsTeams togetherTeam positionsShared explorationLock speedFull tech treeHidden civsTurbo modeCheats
Victory
Defeat
🇦🇷 Varangians · Argentina
1201
+10
🇦🇷 Magyars · Argentina
1068
+16
🇦🇷 Spanish · Argentina
939
+20
🇨🇦 Varangians · Canada
1068
-16
🇨🇭 Saxons · Switzerland
1056
-15
🇵🇪 Vietnamese · Peru
1052
-15
LiesXd
10:42 Feudal Age
10:03 Loom
15:12 Double-Bit Axe
18:26 Wheelbarrow
20:05 Castle Age
20:03 Wheelbarrow
24:24 Hand Cart
26:21 Horse Collar
27:39 Fletching
29:50 Bodkin Arrow
31:14 Crossbowman
37:14 Imperial Age
34:50 Treadmill Crane
35:32 Thumb Ring
35:53 Ballistics
36:39 Heavy Plow
36:51 Bow Saw
37:13 Town Watch
37:20 Gold Mining
37:58 Pikeman
38:40 Squires
38:52 Forging
40:10 Chemistry
39:42 Arbalester
40:24 Padded Archer Armor
40:25 Bracer
39:49 Halberdier
40:31 Arson
42:56 Elite Fire Lancer
45:43 Siege Engineers
45:50 Fortified Wall
46:41 Elite Rattan Archer
47:44 Paper Money
48:00 Crop Rotation
52:46 Two-Man Saw
57:44 Leather Archer Armor
58:05 Iron Casting
57:30 Scale Mail Armor
m43ttu
9:40 Feudal Age
17:08 Loom
19:48 Castle Age
18:59 Forging
19:40 Scale Mail Armor
20:13 Arson
21:52 Squires
21:46 Gold Mining
25:52 Fletching
27:28 Pikeman
32:10 Iron Casting
41:33 Imperial Age
41:36 Halberdier
44:17 Elite Varangian Guard
45:43 Gambesons
55:12 Wheelbarrow
sebas4fr
3:19 Loom
10:48 Feudal Age
15:06 Castle Age
13:54 Double-Bit Axe
19:18 Squires
21:41 Arson
22:57 Scale Mail Armor
24:14 Gambesons
27:24 Forging
28:12 Wheelbarrow
28:09 Town Watch
34:29 Imperial Age
32:51 Gold Mining
32:51 Stone Mining
33:00 Pikeman
34:32 Elite Varangian Guard
37:02 Halberdier
39:54 Iron Casting
39:34 Chain Mail Armor
40:26 Chain Mail Armor
42:19 Conscription
46:10 Blast Furnace
46:25 Plate Mail Armor
48:17 Fletching
53:42 Bodkin Arrow
61:46 Bow Saw
147
6:46 Loom
9:13 Feudal Age
10:27 Double-Bit Axe
11:21 Horse Collar
14:52 Bloodlines
20:51 Castle Age
23:17 Wheelbarrow
22:29 Town Watch
23:35 Husbandry
23:30 Fletching
25:05 Town Patrol
25:21 Hand Cart
26:43 Heavy Plow
26:55 Bow Saw
26:16 Man-at-Arms
29:37 Corvinian Army
29:59 Long Swordsman
35:01 Imperial Age
34:28 Fervor
36:18 Bodkin Arrow
36:24 Padded Archer Armor
36:29 Scale Mail Armor
37:41 Two-Man Saw
37:13 Crop Rotation
37:09 Conscription
36:50 Recurve Bow
36:56 Recurve Bow
38:01 Elite Magyar Huszar
39:09 Bracer
39:26 Leather Archer Armor
39:28 Chain Mail Armor
41:18 Ring Archer Armor
41:17 Parthian Tactics
41:16 Two-Handed Swordsman
43:05 Ballistics
43:46 Chemistry
42:57 Thumb Ring
44:13 Champion
45:15 Heavy Cavalry Archer
46:53 Siege Engineers
46:29 Treadmill Crane
53:23 Capped Ram
MochiCochi
7:52 Loom
10:36 Feudal Age
11:59 Double-Bit Axe
13:40 Horse Collar
18:58 Castle Age
23:00 Bow Saw
22:52 Heavy Plow
23:33 Wheelbarrow
23:41 Bloodlines
23:35 Husbandry
24:09 Scale Barding Armor
27:23 Gold Mining
28:34 Fletching
31:31 Stone Mining
34:34 Hand Cart
34:34 Forging
37:25 Chain Barding Armor
40:53 Imperial Age
41:01 Imperial Age
41:31 Ballistics
42:47 Chemistry
41:12 Elite Conquistador
42:13 Conscription
41:37 Cavalier
42:03 Cavalier
44:40 Conscription
44:57 Paladin
48:31 Plate Barding Armor
48:35 Iron Casting
56:34 Caravan
57:09 Coinage
56:49 Guilds
58:55 Padded Archer Armor
61:19 Banking
SantiSICK7
6:55 Loom
9:18 Feudal Age
9:43 Double-Bit Axe
15:25 Bloodlines
16:24 Scale Barding Armor
16:39 Forging
21:07 Castle Age
19:53 Horse Collar
20:06 Gold Mining
22:55 Iron Casting
23:53 Light Cavalry
25:25 Husbandry
27:46 Wheelbarrow
27:38 Bow Saw
27:29 Heavy Plow
27:20 Stone Mining
29:05 Chain Barding Armor
29:41 Stone Shaft Mining
31:14 Hand Cart
31:01 Scale Mail Armor
36:48 Chain Mail Armor
41:46 Imperial Age
42:59 Cavalier
43:07 Vendel Legacy
44:08 Conscription
44:51 Plate Barding Armor
47:17 Blast Furnace
46:41 Squires
47:30 Plate Mail Armor
48:23 Arson
51:19 Town Watch
51:00 Hussar
51:44 Pikeman
51:51 Heavy Scorpion
54:42 Fletching
54:47 Gothikon
59:14 Town Patrol
59:21 Elite Varangian Guard
60:47 Bodkin Arrow
Connection lost

Rejoining the realm…

Still unreachable

The connection could not be restored.

Session expired

The server has moved on; the page needs a fresh start.